 Dungeon Crawl Stone Soup version 0.31.0-11-ge490571c62 (webtiles) character file.

Game seed: 1091839234115565549

33727 hawla the Protected (level 13, 0/100 HPs)
             Began as a Minotaur Fighter on Feb 9, 2024.
             Was a High Priest of Makhleb.
             Killed by divine providence
             ... invoked by a balrug
             ... summoned by the player character
              (13 damage)
             ... in an ice cave.
             The game lasted 00:38:48 (14195 turns).

hawla the Protected (Minotaur Fighter)             Turns: 14195, Time: 00:38:49

Health: 0/100      AC: 22    Str: 25    XL:     13   Next: 38%
Magic:  19/19      EV: 10    Int:  7    God:    Makhleb [*****.]
Gold:   581        SH:  6    Dex: 13    Spells: 12/12 levels left

rFire   x . .        p - +6 flail "Momoriak" {pain, rC+ Will- Int+2 Dex+2}
rCold   + + .        c - +1 buckler
rNeg    . . .        C - +3 chain mail {rPois}
rPois   +            (helmet restricted)
rElec   .            l - +0 cloak
rCorr   .            w - +2 pair of gloves
SInv    .            F - +0 pair of boots
Will    .....        B - amulet of the acrobat Stlth
                     y - ring of ice
HPRegen 0.36/turn    z - ring of willpower
MPRegen 0.16/turn

%: acrobat
@: no status effects
A: horns 2, retaliatory headbutt
a: Renounce Religion, Minor Destruction, Lesser Servant of Makhleb, Major
Destruction, Greater Servant of Makhleb


You were in an ice cave.
You worshipped Makhleb.
Makhleb was extremely pleased with you.
You visited 3 branches of the dungeon, and saw 16 of its levels.
You also visited: Sewer and Ice Cave.

You collected 881 gold pieces.
You spent 300 gold pieces at shops.

Inventory:

Hand Weapons
 f - a +3 dire flail of draining
 k - a +4 scimitar of flaming
 p - the +6 flail "Momoriak" (weapon) {pain, rC+ Will- Int+2 Dex+2}
   (You found it on level 3 of the Dungeon)

   Int+2:     It affects your intelligence (+2).
   Dex+2:     It affects your dexterity (+2).
   rC+:       It protects you from cold.
   Will-:     It decreases your willpower.
 u - a +5 dire flail
Missiles
 t - a throwing net
 E - 15 poisoned darts (quivered)
 K - 2 atropa-tipped darts
Armour
 c - a +1 buckler (worn)
 e - a +0 troll leather armour
 l - a +0 cloak (worn)
 w - a +2 pair of gloves (worn)
 C - a +3 chain mail of poison resistance (worn)
 F - a +0 pair of boots (worn)
Jewellery
 j - an amulet of magic regeneration
 m - a ring of protection from fire
 v - a ring of resist corrosion
 y - a ring of ice (left hand)
 z - a ring of willpower (right hand)
 B - an amulet of the acrobat (around neck)
 D - a ring of see invisible
 J - a ring of wizardry
Wands
 o - a wand of flame (56)
 q - a wand of charming (30)
 s - a wand of iceblast (16)
Scrolls
 b - a scroll of blinking
 h - a scroll of vulnerability
 n - a scroll of fog
 G - a scroll of fear
 I - 2 scrolls of teleportation
 M - a scroll of identify
 O - a scroll of butterflies
Potions
 a - a potion of lignification
 d - 5 potions of might
 g - a potion of heal wounds
 i - a potion of resistance
 r - 2 potions of cancellation
 x - 6 potions of attraction
 H - a potion of invisibility
 L - a potion of curing
Miscellaneous
 A - a box of beasts (inert)


   Skills:
 - Level 5.0 Fighting
 + Level 13.0 Long Blades
 - Level 14.0 Maces & Flails
 - Level 14.0 Armour
 - Level 4.0 Dodging
 - Level 5.0 Shields
 - Level 3.0 Necromancy
 - Level 10.0 Invocations
 - Level 3.0 Evocations


You had 12 spell levels left.
You didn't know any spells.
Your spell library was empty.

Dungeon Overview and Level Annotations

Branches:
Dungeon (14/15)            Temple (1/1) D:5            Lair (1/5) D:8
    Orc (0/2) D:9          Vaults (0/5) D:13          Sewer (visited)
  IceCv (1/1)

Altars:
Ashenzari
Cheibriados
Dithmenos
Elyvilon
Fedhas
Gozag
Hepliaklqana
Kikubaaqudgha
Makhleb
Nemelex Xobeh
Okawaru
Qazlal
Ru
Sif Muna
Trog
Uskayaw
Vehumet
Wu Jian
Xom
Yredelemnul
Zin
The Shining One

Shops:
D:10 *   D:11 =

Annotations:
IceCv exclusion: ice statue


Innate Abilities, Weirdness & Mutations

You have a pair of horns on your head.
You reflexively headbutt those who attack you in melee.


Message History

* * * LOW HITPOINT WARNING * * *
Aiming: Throw Flame
Press: ? - help, Shift-Dir - straight line, f - ice statue
Aim: an ice statue (freezing vapour, almost destroyed, 100% to hit)
The puff of flame hits the ice statue but does no damage.
The ice statue is almost destroyed.
You hear a sizzling sound!
You are engulfed in freezing vapours.
You resist.
The ice beast hits you but does no damage.
The ice beast closely misses you. You furiously retaliate!
You headbutt the ice beast. You block the ice beast's attack.
Aiming: Major Destruction (1% risk of failure)
Press: ? - help, Shift-Dir - straight line, f/p - ice statue
Aim: an ice statue (almost destroyed)
The bolt of lightning hits the ice statue!
The ice statue resists.
The ice statue is almost destroyed.
The bolt of lightning hits the ice statue!
The ice statue resists.
You destroy the ice statue!
Makhleb accepts your kill.
You feel better. The bolt of lightning misses you.
You block the ice beast's attack.
The ice beast hits you but does no damage.
The ice beast barely misses you.
Your Long Blades skill increases to level 13!
A demon appears!
It doesn't seem very happy.
The ice beast misses you. You furiously retaliate!
You headbutt the ice beast! You block the ice beast's attack. x2
Press: ? - help, v - describe, . - travel
Here: a balrug, wielding a +0 demon whip of draining (summoned)
The floor.
Blink to where?
Press: ? - help, Dir - move target
As you read the scroll of blinking, it crumbles to dust.
You enter the transporter and appear at another place.
The balrug gestures at you. Makhleb smites you!
You die...

##.........##
#...........#
#...........#
##...........##
#.............#
#....8...8....#
#.............#
##......:....##
#.....@.....#
##...828...##
###########
##8..©..8##
#8.......8##
#8.......Y.8##
#.....$)?.Y...#
#∩..8.}[!.Y..§#
###############


You could see a balrug (summoned), an ice statue and 3 ice beasts.

Vanquished Creatures
  Erica (D:8)
  Erolcha (D:13)
  4 centaur warriors
  2 boulder beetles
  10 two-headed ogres
  2 arcanists (D:13)
  An orc knight (D:13)
  An ugly thing (D:11)
  A necromancer (D:13)
  A manticore (D:13)
  3 cyclopes
  Joseph (D:8)
  An ice statue (IceCv)
  2 gargoyles
  Maggie (D:8)
  2 cane toads (Lair:1)
  Jeremiah (D:9)
  3 komodo dragons
  An unseen horror (D:11)
  A kobold demonologist (D:13)
  A yaktaur (D:10)
  Psyche (D:8)
  2 freezing wraiths
  6 trolls
  2 hornets
  4 slime creatures (D:13)
  3 shadows
  4 water elementals (D:11)
  A wraith (D:10)
  A wyvern (D:9)
  A vampire (D:9)
  A basilisk (D:10)
  21 yaks
  3 steam dragons
  A death yak simulacrum (Lair:1)
  2 vampire mosquitoes (D:13)
  3 water moccasins
  Pargi (Sewer)
  3 ice beasts
  An ogre (D:4)
  9 orc warriors
  3 wolves (Lair:1)
  16 centaurs
  3 kobold brigands
  2 phantoms
  A brain worm (Sewer)
  A gnoll sergeant (D:9)
  8 bullfrogs
  2 cane toad simulacra
  6 scorpions
  9 wights
  An elephant simulacrum (IceCv)
  4 howler monkeys
  6 bombardier beetles
  6 hounds
  9 orc priests
  A jelly (D:4)
  8 iguanas
  2 sleepcaps
  Ijyb (D:3)
  16 orc wizards
  A polar bear simulacrum (Lair:1)
  2 wolf simulacra (IceCv)
  11 gnolls
  7 adders
  4 white imps
  A ribbon worm (D:2)
  5 dart slugs
  55 orcs
  14 ball pythons
  5 endoplasms
  3 giant cockroaches
  3 goblins
  3 hobgoblins
  8 jackals
  16 kobolds
  4 quokkas
  6 bats
  6 frilled lizards
  A rat (D:3)
371 creatures vanquished.

Vanquished Creatures (others)
  An ugly thing (IceCv)
  A yak (D:9)
2 creatures vanquished.

Grand Total: 373 creatures vanquished

Notes
Turn   | Place    | Note
-------+----------+-------------------------------------------
     0 | D:1      | hawla the Minotaur Fighter began the quest for the Orb.
     0 | D:1      | Reached XP level 1. HP: 19/19 MP: 0/0
    99 | D:1      | Reached skill level 1 in Dodging
    99 | D:1      | Reached XP level 2. HP: 25/26 MP: 1/1
   269 | D:1      | Reached XP level 3. HP: 31/31 MP: 2/2
  1028 | D:2      | Reached XP level 4. HP: 39/39 MP: 3/3
  1623 | D:3      | Identified the +6 flail "Momoriak" {pain, rC+ Will- Int+2
                  | Dex+2}
  1683 | D:3      | Noticed Ijyb
  1695 | D:3      | Killed Ijyb
  2081 | D:4      | Reached XP level 5. HP: 45/45 MP: 4/4
  2087 | D:4      | Reached skill level 5 in Maces & Flails
  2248 | D:4      | Noticed an ogre
  2256 | D:4      | Killed an ogre
  2257 | D:4      | Reached XP level 6. HP: 36/51 MP: 5/5
  2402 | D:4      | Reached skill level 1 in Evocations
  2865 | D:5      | Entered Level 5 of the Dungeon
  2868 | D:5      | Reached skill level 1 in Necromancy
  2978 | D:5      | Reached XP level 7. HP: 50/57 MP: 6/6
  3284 | D:5      | Found a glowing drain.
  3297 | Sewer    | Entered a sewer
  3401 | Sewer    | Noticed Pargi
  3410 | Sewer    | Killed Pargi
  3589 | D:5      | Found a sparkling altar of Nemelex Xobeh.
  3728 | D:5      | Found a staircase to the Ecumenical Temple.
  3737 | Temple   | Entered the Ecumenical Temple
  3756 | Temple   | Became a worshipper of Makhleb the Destroyer
  3864 | D:5      | Reached XP level 8. HP: 67/67 MP: 7/7
  3936 | D:5      | Reached skill level 5 in Fighting
  3936 | D:5      | Reached skill level 5 in Shields
  4042 | D:5      | Reached skill level 1 in Invocations
  4214 | D:6      | Reached skill level 5 in Armour
  4738 | D:6      | Reached * piety under Makhleb
  4996 | D:6      | Reached XP level 9. HP: 52/74 MP: 11/11
  5462 | D:7      | Reached skill level 5 in Invocations
  5795 | D:7      | Reached ** piety under Makhleb
  6003 | D:8      | Noticed Erica
  6012 | D:8      | Killed Erica
  6013 | D:8      | Reached skill level 10 in Armour
  6013 | D:8      | Reached XP level 10. HP: 81/81 MP: 14/14
  6054 | D:8      | Noticed a two-headed ogre
  6060 | D:8      | Killed a two-headed ogre
  6224 | D:8      | Noticed Psyche
  6231 | D:8      | Killed Psyche
  6232 | D:8      | Noticed a two-headed ogre
  6407 | D:8      | Noticed Joseph
  6425 | D:8      | Killed Joseph
  6444 | D:8      | Found a staircase to the Lair.
  6582 | D:8      | Killed a two-headed ogre
  6602 | D:8      | Noticed Maggie
  6613 | D:8      | Killed Maggie
  7048 | D:9      | Found a bloodstained altar of Trog.
  7050 | D:9      | Found a stormy altar of Qazlal.
  7134 | D:9      | Reached *** piety under Makhleb
  7135 | D:9      | Found a staircase to the Orcish Mines.
  7466 | D:9      | Reached XP level 11. HP: 86/86 MP: 17/17
  7494 | D:9      | Noticed Jeremiah
  7520 | D:9      | Reached skill level 10 in Invocations
  7525 | D:9      | Killed Jeremiah
  7948 | D:9      | Found a basalt altar of Yredelemnul.
  7971 | D:9      | Noticed a two-headed ogre
  7982 | D:9      | Killed a two-headed ogre
  8209 | D:10     | Entered Level 10 of the Dungeon
  8235 | D:10     | Noticed a two-headed ogre
  8245 | D:10     | Killed a two-headed ogre
  8432 | D:10     | Noticed a centaur warrior
  8442 | D:10     | Killed a centaur warrior
  8750 | D:10     | Noticed a centaur warrior
  9189 | D:10     | Reached skill level 5 in Long Blades
  9209 | D:10     | Killed a centaur warrior
  9218 | D:10     | Reached **** piety under Makhleb
  9853 | D:10     | Reached XP level 12. HP: 59/94 MP: 18/18
  9958 | D:10     | Noticed a two-headed ogre
  9968 | D:10     | Killed a two-headed ogre
  9980 | D:10     | Reached skill level 10 in Maces & Flails
 10127 | D:10     | Noticed a two-headed ogre
 10134 | D:10     | Killed a two-headed ogre
 10412 | D:10     | Found Mamiv's Assorted Antiques.
 10421 | D:10     | Bought a runed chain mail for 300 gold pieces
 10609 | D:10     | Found an opulent altar of Gozag.
 10612 | D:10     | Found a hide-covered altar of Uskayaw.
 11098 | D:11     | Found Ovituu's One-of-a-Kind Rings.
 11206 | D:11     | Identified the +1 glaive "Fanamad" {drain, *Slow Str+7
                  | Dex+3}
 11878 | D:12     | Noticed a two-headed ogre
 11884 | D:12     | Killed a two-headed ogre
 11943 | D:12     | Reached skill level 10 in Long Blades
 12281 | D:12     | Found a basalt altar of Yredelemnul.
 12500 | D:13     | Noticed Erolcha
 12503 | D:13     | Noticed a centaur warrior
 12514 | D:13     | Killed a centaur warrior
 12520 | D:13     | Killed Erolcha
 12586 | D:13     | Noticed a two-headed ogre
 12593 | D:13     | Killed a two-headed ogre
 12923 | D:13     | Noticed a boulder beetle
 12945 | D:13     | Killed a boulder beetle
 13070 | D:13     | Reached XP level 13. HP: 81/100 MP: 19/19
 13764 | D:13     | Found a gate to the Vaults.
 13948 | Lair:1   | Entered Level 1 of the Lair of Beasts
 14039 | Lair:1   | Reached ***** piety under Makhleb
 14088 | Lair:1   | Found a frozen archway.
 14112 | IceCv    | Entered an ice cave
 14150 | IceCv    | Found a transporter.
 14162 | IceCv    | Found a transporter.
 14193 | IceCv    | Noticed a balrug
 14195 | IceCv    | Killed from afar by a balrug

Illustrated notes

Levels and vault maps discovered:
D:1:      amcnicky_arrival_flooded_fountain, layout_loops_ring,
          amcnicky_mini_rare_corridor_liquid
D:2:      minmay_wonky_spiral, layout_loops_ring
D:3:      layout_loops_ring, uniq_ijyb
D:4:      layout_basic
D:5:      layout_loops_ring, nemelex_spade_bored_becter,
          minmay_temple_entry_slanted, gup_sewer_entry_pipe,
          amcnicky_mini_pool_small, kennysheep_opposing_triangles
D:6:      layout_basic, grunt_ministairs_15
D:7:      layout_cave_pools, corexii_hall_statues_i, minmay_liquid_box,
          minmay_bent
D:8:      layout_basic, lair_entry_dummy, uniq_joseph, uniq_maggie, uniq_psyche,
          uniq_erica
D:9:      statuecave_lemuel, layout_loops_ring, amcnicky_altar_gilded,
          jmf_multi_god_temple, hiddenorc2_lemuel, uniq_jeremiah
D:10:     nzn_winding_woodlands_stair_cross
          [nzn_winding_woodlands_5x15_river_crossing,
          nzn_winding_woodlands_center_diamonds, nzn_winding_woodlands_5x15_eye,
          nzn_winding_woodlands_5x5_closed_star,
          nzn_winding_woodlands_hourglass, nzn_winding_woodlands_5x15_sawtooth,
          nzn_winding_woodlands_center_lodge,
          nzn_winding_woodlands_5x15_crooked], layout_loops_corners,
          gammafunk_temple_overflow_statue, serial_shops, kennysheep_little_box
D:11:     layout_cross, nicolae_shop_unique_rings, nicolae_underground_beach
D:12:     layout_loops_ring, yredelemnul_altar_generic
D:13:     layout_long_grid, david_vaults_1, uniq_erolcha
D:14:     minmay_wizard_corner, layout_irregular_city, minmay_misc_feat_x,
          chequers_garden
Temple:   nicolae_temple_slightly_damp_pantheon
Lair:1:   layout_regular_city, portal_ice_cave_entry_ice_simulacra,
          beast_lair_carwin_1, serial_bayou_shore_b, grunt_megastairs_1,
          lemuel_fruit_fields
IceCv:    ice_cave_statue_garden_transporter

Skill      XL: |  1  2  3  4  5  6  7  8  9 10 11 12 13 |
---------------+----------------------------------------+-----
Maces & Flails | 3 4 6 9 13 14 | 14.0
Dodging        | 1 2 3 4 |  4.0
Evocations     | 2 3 |  3.0
Necromancy     | 1 3 |  3.0
Fighting       | 4 5 |  5.0
Shields        | 4 5 |  5.0
Armour         | 6 10 12 14 | 14.0
Invocations    | 4 7 9 10 | 10.0
Long Blades    | 2 7 11 13 | 13.0

Action                     |  1- 3 |  4- 6 |  7- 9 | 10-12 | 13-15 || total
---------------------------+-------+-------+-------+-------+-------++-------
  Melee: Flail             |    82 |    97 |   228 |   468 |   125 ||  1000
         Headbutt          |     9 |    14 |    35 |   154 |    45 ||   257
         Unarmed           |       |       |       |     2 |       ||     2
         Dire flail        |       |       |       |   126 |    30 ||   156
         Glaive            |       |       |       |    27 |       ||    27
  Throw: Throwing net      |       |       |     2 |     4 |       ||     6
         Dart              |       |       |       |    12 |     2 ||    14
 Invoke: Major Destruction |       |       |       |       |     1 ||     1
         Greater Servant o |       |       |       |       |     1 ||     1
  Evoke: Wand              |       |     7 |     5 |     8 |     1 ||    21
         Box of beasts     |       |       |       |       |     1 ||     1
    Use: Scroll            |       |    12 |     3 |    10 |     8 ||    33
         Potion            |       |       |     2 |     1 |     1 ||     4
 Armour: Scale mail        |    71 |    56 |   114 |       |       ||   241
         Chain mail        |       |       |   122 |   587 |   152 ||   861
  Dodge: Dodged            |    46 |    50 |   157 |   382 |   115 ||   750
  Block: Buckler           |    22 |    20 |    90 |   154 |    41 ||   327
